 Dungeon Crawl Stone Soup version 0.25-a0-489-g9ae84a01e3 (webtiles) character file.

Game seed: 12206741932088139300, levelgen mode: deterministic

445 Kohma the Shield-Bearer (level 6, -2/55 HPs)
             Began as a Minotaur Fighter on Feb 11, 2020.
             Slain by an orc wizard
             ... wielding a +0 dagger
              (3 damage)
             ... on level 4 of the Dungeon.
             The game lasted 00:05:28 (2464 turns).

Kohma the Shield-Bearer (Minotaur Fighter)          Turns: 2464, Time: 00:05:30

Health: -2/55      AC: 10    Str: 23    XL:     6   Next: 72%
Magic:  5/5        EV:  8    Int:  5    God:
Gold:   90         SH: 10    Dex:  9    Spells: 5/5 levels left

rFire    . . .     SeeInvis .   a - +0 long sword
rCold    . . .     Gourm    .   c - +0 kite shield
rNeg     . . .     Faith    .   b - +0 scale mail
rPois    .         Spirit   .   q - +0 hat
rElec    .         Reflect  .   (no cloak)
rCorr    .         Harm     .   y - +0 pair of gloves
MR       .....                  e - +1 pair of boots
Stlth    ..........             (no amulet)
HPRegen  0.18/turn              (no ring)
MPRegen  0.09/turn              (no ring)

@: no status effects
A: retaliatory headbutt, horns 2
a: no special abilities


You were on level 4 of the Dungeon.
You were not hungry.

You visited 1 branch of the dungeon, and saw 4 of its levels.

You collected 90 gold pieces.

Inventory:

Hand Weapons
 a - a +0 long sword (weapon)
Missiles
 w - 17 poisoned darts (quivered)
Armour
 b - a +0 scale mail (worn)
 c - a +0 kite shield (worn)
 e - a +1 pair of boots (worn)
 q - a +0 hat (worn)
 y - a +0 pair of gloves (worn)
Jewellery
 m - a +4 ring of protection {unknown}
 p - an uncursed ring of flight {unknown}
 t - a +2 ring of intelligence {unknown}
Scrolls
 h - 3 scrolls of amnesia {unknown}
 k - a scroll of fog {unknown}
 n - 2 scrolls of teleportation {unknown}
 o - 2 scrolls of enchant armour {unknown}
 r - a scroll of fear {unknown}
 s - a scroll of enchant weapon {unknown}
 v - a scroll of immolation {unknown}
 x - a scroll of remove curse {unknown}
 A - a scroll of identify {unknown}
 C - a scroll of blinking {unknown}
Potions
 d - a potion of might
 i - a potion of ambrosia {unknown}
 j - a potion of heal wounds {unknown}
 l - a potion of haste {unknown}
 u - 2 potions of magic {unknown}
 z - 2 potions of flight {unknown}
 B - a potion of brilliance {unknown}
Comestibles
 f - 7 rations


   Skills:
 + Level 4.9 Fighting
 * Level 5.4 Long Blades
 + Level 4.9 Armour
 * Level 6.1 Shields


You had 5 spell levels left.
You didn't know any spells.
Your spell library was empty.

Dungeon Overview and Level Annotations

Branches:
Dungeon (4/15)
 Temple: D:4-7

Altars:
The Shining One


Innate Abilities, Weirdness & Mutations

You reflexively headbutt those who attack you in melee.
You have a pair of horns on your head.


Message History

You block the orc priest's attack. Something hits you but does no damage.
The orc priest barely misses you. Something hits you but does no damage.
You hit the orc priest but do no damage.
The orc priest is moderately wounded.
Something hits you but does no damage. You block the orc priest's attack.
You hit the orc priest but do no damage.
The orc priest is moderately wounded.
Something hits you but does no damage.
You hear some strange, mumbled words.
A magic dart appears from out of thin air!
The magic dart hits you.
* * * LOW HITPOINT WARNING * * *
You block the orc priest's attack.
You completely miss the orc priest. You headbutt the orc priest.
The orc priest is severely wounded.
You block something's attack. The orc priest completely misses you.
You furiously retaliate!
You headbutt the orc priest!
You kill the orc priest!
Something hits you.
You die...

... #..
#..########
#........#
#...<...#
#.......#
##.......#
...........#
.........)@#
..........[{[.#
....>..........#
..............##
....#......#.#
...########.# ..
#.#


There were no monsters in sight!

Vanquished Creatures
  Sigmund (D:2)
  An orc priest (D:4)
  A worker ant (D:3)
  4 gnolls (D:2)
  6 adders
  2 oozes
  An adder skeleton (D:4)
  2 worms
  A dart slug (D:1)
  4 leopard geckos
  5 orcs
  A ball python (D:3)
  11 giant cockroaches
  11 goblins
  9 hobgoblins
  7 jackals
  10 kobolds
  2 quokkas
  8 bats
  11 frilled lizards
  11 rats
109 creatures vanquished.

Notes
Turn   | Place    | Note
-------+----------+-------------------------------------------
     0 | D:1      | Kohma the Minotaur Fighter began the quest for the Orb.
     0 | D:1      | Reached XP level 1. HP: 19/19 MP: 0/0
   195 | D:1      | Reached XP level 2. HP: 22/27 MP: 1/1
   252 | D:1      | Reached skill level 4 in Shields
   475 | D:1      | Reached XP level 3. HP: 33/33 MP: 2/2
  1066 | D:2      | Reached XP level 4. HP: 40/40 MP: 3/3
  1367 | D:2      | Reached skill level 5 in Shields
  1369 | D:2      | Reached XP level 5. HP: 40/46 MP: 4/4
  1673 | D:2      | Noticed Sigmund
  1682 | D:2      | Killed Sigmund
  1682 | D:2      | Reached skill level 5 in Long Blades
  1682 | D:2      | Reached XP level 6. HP: 50/53 MP: 5/5
  1704 | D:2      | Found a glowing golden altar of the Shining One.
  1858 | D:3      | Found a glowing drain.
  2167 | D:3      | Reached skill level 6 in Shields
  2463 | D:4      | HP: 1/55 [something/magic dart (6)]
  2464 | D:4      | Slain by an orc wizard

Levels and vault maps discovered:
D:1:      lightli_arrival_noodles, layout_basic, minmay_lizard_king
D:2:      layout_loops_ring, lemuel_coloured_pillars_altar, uniq_sigmund
D:3:      layout_rooms, portal_sewer_entry_f, serial_glass, glass_columns_b,
          glass_columns_a
D:4:      minmay_diamond_boxcup, layout_rooms, marbit_many_paths,
          dancing_weapons_uskayaw, first_ration, serial_shops,
          nicolae_shop_crystal

Skill      XL: |  1  2  3  4  5  6 |
---------------+-------------------+-----
Shields        | 4 5 6 |  6.1
Long Blades    | 3 4 5 |  5.4
Armour         | 4 |  4.9
Fighting       | 4 |  4.9

Action                   |  1- 3 |  4- 6 || total
-------------------------+-------+-------++-------
Melee: Long sword        |    80 |   152 ||   232
       Headbutt          |    10 |    27 ||    37
Throw: Dart              |       |     4 ||     4
  Eat: Chunk             |     1 |     4 ||     5
Armor: Scale mail        |    51 |    74 ||   125
Dodge: Dodged            |    31 |    62 ||    93
Block: Kite shield       |    35 |   110 ||   145
       Rpst.: Long sword |     3 |    19 ||    22

Table legend:
 A = Non-vault XP
 B = Vault XP
 C = Vault XP percentage of total XP
 D = Non-vault monster count
 E = Vault monster count
 F = Vault count percentage of total count
                 A         B        C        D         E       F
            +---------+---------+-------+---------+---------+-------
      Total |     388 |     249 |  39.1 |      97 |      12 |  11.0
            +---------+---------+-------+---------+---------+-------
        D:1 |      56 |       9 |  13.8 |      29 |       7 |  19.4
        D:2 |     171 |     231 |  57.5 |      35 |       1 |   2.8
        D:3 |     105 |       9 |   7.9 |      28 |       4 |  12.5
        D:4 |      56 |       0 |   0.0 |       5 |       0 |   0.0
            +---------+---------+-------+---------+---------+-------
